 Dungeon Sprint DCSS version 0.30-a0-867-g305f33218d (webtiles) character file.

Game seed: 11647044273724200097

357 BigDaddyOpFi the Apologist (level 6, -6/61 HPs)
             Began as a Hill Orc Fighter on Mar 10, 2023.
             Was a Follower of Zin.
             Mangled by a freezing wraith (9 damage)
             ... in the Dungeon (Sprint VII: "The Pits").
             The game lasted 00:00:54 (356 turns).

BigDaddyOpFi the Apologist (Hill Orc Fighter)        Turns: 356, Time: 00:00:55

Health: -6/61      AC: 13    Str: 21    XL:     6   Next: 64%
Magic:  13/13      EV:  7    Int:  8    God:    Zin [*.....]
Gold:   0          SH:  5    Dex: 10    Spells: 5/5 levels left

rFire   . . .      SeeInvis .    a - +0 war axe
rCold   . . .      Faith    .    c - +0 buckler
rNeg    . . .      Spirit   .    l - +3 chain mail
rPois   .          Reflect  .    (no helmet)
rElec   .          Rampage  .    (no cloak)
rCorr   .          NoTele   +    (no gloves)
Will    .....                    (no boots) Stlth
                                 (no amulet)
HPRegen 0.30/turn                (no ring)
MPRegen 0.13/turn                (no ring)

@: no status effects
A: no striking features
a: Renounce Religion, Recite, Donate Gold


You were in the Dungeon.
You worshipped Zin.
Zin was aware of your devotion.
You visited 1 branch

Inventory:

Hand Weapons
 a - a +0 war axe (weapon)
Armour
 c - a +0 buckler (worn)
 l - a +3 chain mail (worn)
Scrolls
 j - a scroll of blinking
Potions
 e - 6 potions of curing
 f - 4 potions of heal wounds
 g - a potion of haste
 h - 4 potions of magic
 i - 3 potions of berserk rage
 k - 2 potions of invisibility


   Skills:
 + Level 7.6 Fighting
 + Level 7.6 Axes
 + Level 6.9 Armour
 + Level 7.0 Shields
 * Level 10.2 Invocations


You had 5 spell levels left.
You didn't know any spells.
Your spell library was empty.

Dungeon Overview and Level Annotations

Branches:
Dungeon (1/1)

Altars:
Ashenzari
Cheibriados
Dithmenos
Elyvilon
Fedhas
Gozag
Hepliaklqana
Kikubaaqudgha
Makhleb
Nemelex Xobeh
Okawaru
Qazlal
Ru
Sif Muna
Trog
Uskayaw
Vehumet
Wu Jian
Xom
Yredelemnul
Zin
The Shining One
Beogh
Jiyva
Lugonu


Message History

There is an open door here.
You open the door.
A freezing wraith comes into view.
You hit the freezing wraith but do no damage.
You block the freezing wraith's attack.
The freezing wraith hits you but does no damage.
You hit the freezing wraith but do no damage.
The freezing wraith hits you but does no damage. x2
You hit the freezing wraith.
The freezing wraith is lightly damaged.
The freezing wraith barely misses you. You block the freezing wraith's attack.
You barely miss the freezing wraith.
The freezing wraith is lightly damaged.
The freezing wraith closely misses you. The freezing wraith barely misses you.
You hit the freezing wraith.
The freezing wraith is lightly damaged.
The freezing wraith hits you but does no damage. x2
You hit the freezing wraith.
The freezing wraith is lightly damaged.
You block the freezing wraith's attack. x2
You barely miss the freezing wraith.
The freezing wraith is lightly damaged.
The freezing wraith hits you but does no damage. x2
You hit the freezing wraith.
The freezing wraith is moderately damaged.
You block the freezing wraith's attack.
The freezing wraith hits you but does no damage.
You slash the freezing wraith!
The freezing wraith is heavily damaged.
The freezing wraith hits you! The freezing wraith freezes you!
The freezing wraith hits you but does no damage.
The freezing wraith hits you! The freezing wraith freezes you!!
* * * LOW HITPOINT WARNING * * *
You block the freezing wraith's attack.
You barely miss the freezing wraith.
The freezing wraith is heavily damaged.
The freezing wraith hits you.
* * * LOW HITPOINT WARNING * * *
The freezing wraith freezes you!
You die...

#.#........##.......#
#)###########.......#
#.......# #########
#...#...# #...#...#
#.##.##.#+#
#...#...#.+
#...#...#W#
#.......'@#
###########


You could see a freezing wraith.

Vanquished Creatures
  Menkaure (D)
  A floating eye (D)
  An ice beast (D)
  A bullfrog (D)
  A crimson imp (D)
  An orc (D)
  2 endoplasms (D)
  A giant cockroach (D)
  2 jackals (D)
  2 kobolds (D)
  A ball python (D)
  2 frilled lizards (D)
  A quokka skeleton (D)
17 creatures vanquished.

Notes
Turn   | Place    | Note
-------+----------+-------------------------------------------
     0 | D        | BigDaddyOpFi the Hill Orc Fighter began the quest for the
                  | Orb.
     0 | D        | Reached XP level 1. HP: 19/19 MP: 1/1
    20 | D        | Found a bloodstained altar of Trog.
    20 | D        | Found a shimmering blue altar of Sif Muna.
    20 | D        | Found a viscous altar of Jiyva.
    20 | D        | Found a hazy altar of Hepliaklqana.
    20 | D        | Found an opulent altar of Gozag.
    21 | D        | Found a glowing golden altar of the Shining One.
    21 | D        | Found a glowing silver altar of Zin.
    21 | D        | Found a basalt altar of Yredelemnul.
    21 | D        | Found a shimmering altar of Xom.
    21 | D        | Found an ornate altar of the Wu Jian Council.
    21 | D        | Found a sacrificial altar of Ru.
    21 | D        | Found a stormy altar of Qazlal.
    21 | D        | Found an iron altar of Okawaru.
    21 | D        | Found a sparkling altar of Nemelex Xobeh.
    21 | D        | Found a burning altar of Makhleb.
    21 | D        | Found a blossoming altar of Fedhas.
    21 | D        | Found a white marble altar of Elyvilon.
    21 | D        | Found a shadowy altar of Dithmenos.
    21 | D        | Found a snail-covered altar of Cheibriados.
    22 | D        | Found a radiant altar of Vehumet.
    22 | D        | Found a corrupted altar of Lugonu.
    22 | D        | Found a roughly hewn altar of Beogh.
    23 | D        | Found a hide-covered altar of Uskayaw.
    23 | D        | Found an ancient bone altar of Kikubaaqudgha.
    23 | D        | Found a broken altar of Ashenzari.
    26 | D        | Became a worshipper of Zin the Law-Giver
    57 | D        | Reached skill level 1 in Invocations
   139 | D        | Reached skill level 2 in Invocations
   139 | D        | Reached XP level 2. HP: 27/27 MP: 3/3
   143 | D        | Noticed a floating eye
   144 | D        | Paralysed by a floating eye for 3 turns
   148 | D        | Killed a floating eye
   149 | D        | Reached skill level 5 in Fighting
   149 | D        | Reached skill level 5 in Axes
   149 | D        | Reached skill level 5 in Armour
   149 | D        | Reached skill level 5 in Shields
   149 | D        | Reached skill level 6 in Invocations
   149 | D        | Reached XP level 3. HP: 33/37 MP: 3/7
   149 | D        | Reached XP level 4. HP: 39/44 MP: 3/9
   215 | D        | Noticed an ice beast
   215 | D        | Noticed a bullfrog
   215 | D        | Noticed Menkaure
   224 | D        | Killed a bullfrog
   225 | D        | Reached skill level 7 in Invocations
   225 | D        | Reached XP level 5. HP: 24/50 MP: 10/10
   226 | D        | Killed an ice beast
   227 | D        | Reached skill level 8 in Invocations
   230 | D        | Killed Menkaure
   231 | D        | Reached skill level 9 in Invocations
   231 | D        | Reached XP level 6. HP: 34/60 MP: 10/13
   231 | D        | Reached * piety under Zin
   343 | D        | Reached skill level 10 in Invocations
   346 | D        | Noticed a freezing wraith
   356 | D        | HP: 3/61 [freezing wraith (6)]
   356 | D        | Mangled by a freezing wraith

Illustrated notes

Levels and vault maps discovered:
D:        pitsprint [storerooms_1, entrance_room_1, metal_vault_6, armoury_1,
          mini_pit_1, grid_room_1, main_hall_1, silver_pit, the_coven_3,
          the_vestibule_1, steel_vault_1, golden_pit, hallway_of_sentries,
          crystal_vault_1, iron_vault_1, final_vault]

Skill      XL: |  1  2  3  4  5  6 |
---------------+-------------------+-----
Axes           | 3 5 6 7 |  7.6
Fighting       | 4 5 6 7 |  7.6
Invocations    | 2 6 7 9 10 | 10.2
Armour         | 5 6 |  6.9
Shields        | 5 6 7 |  7.0

Action                     |  1- 3 |  4- 6 || total
---------------------------+-------+-------++-------
  Melee: War axe           |    19 |    25 ||    44
    Use: Potion            |       |     3 ||     3
 Armour: Scale mail        |     8 |       ||     8
         Chain mail        |       |    12 ||    12
  Dodge: Dodged            |    13 |    12 ||    25
  Block: Buckler           |     5 |    12 ||    17

Table legend: (Time is in decaauts)
 A = Elapsed time spent in this place.
 B = Non-inter-level travel time spent in this place.
 C = Inter-level travel time spent in this place.
 D = Time resting spent in this place.
 E = Time spent auto-exploring this place.
 F = Levels seen in this place.
 G = Mean time per level.
                   A        B        C        D        E       F      G
               +--------+--------+--------+--------+--------+-----+--------+
         Total |    368 |    347 |     21 |    163 |      0 |   1 |  368.0 |
       Dungeon |    368 |    347 |     21 |    163 |      0 |   1 |  368.0 |
               +--------+--------+--------+--------+--------+-----+--------+

Top non-repeatable levels by time:
       D: 368 daAuts
